 Dungeon Crawl Stone Soup version 0.26-a0-958-gf3041fb45f (webtiles) character file.

Game seed: 6336554576677225267

141565 pkoi the Bludgeoner (level 16, -20/146 HPs)
             Began as a Minotaur Gladiator on Nov 30, 2020.
             Was a High Priest of Okawaru.
             Demolished by a bunyip (36 damage)
             ... on level 4 of the Swamp.
             The game lasted 00:51:58 (34882 turns).

pkoi the Bludgeoner (Minotaur Gladiator)           Turns: 34882, Time: 00:51:58

Health: -20/146    AC: 32    Str: 38    XL:     16   Next: 78%
Magic:  17/21      EV: 23    Int:  5    God:    Okawaru [*****.]
Gold:   1971       SH: 23    Dex: 15    Spells: 15/15 levels left

rFire    + + .     SeeInvis .   a - +8 flail of Ecoelaw {vorpal, rPois Str+3}
rCold    + . .     Faith    .   i - +1 kite shield {AC+3}
rNeg     . . .     Spirit   .   y - +2 plate armour {rF+}
rPois    +         Reflect  +   c - +1 hat
rElec    .         Harm     .   W - scarf {rC+ rF+}
rCorr    .         Rampage  .   I - +2 pair of gloves
MR       +....                  m - +2 pair of boots
Stlth    ..........             r - amulet of reflection
HPRegen  0.34/turn              P - +6 ring of strength
MPRegen  0.17/turn              R - +6 ring of strength

@: heroism, finesse, marked, very slow
A: retaliatory headbutt, horns 2
a: Heroism, Finesse, Renounce Religion


You were on level 4 of the Swamp.
You worshipped Okawaru.
Okawaru was extremely pleased with you.
You visited 4 branches of the dungeon, and saw 25 of its levels.
You also visited: Ice Cave.

You collected 2049 gold pieces.
You spent 78 gold pieces at shops.

Inventory:

Hand Weapons
 a - the +8 flail of Ecoelaw (weapon) {vorpal, rPois Str+3}
   (You found it on level 4 of the Lair of Beasts)

   It inflicts extra damage upon your enemies.
   It affects your strength (+3).
   It protects you from poison.
 b - a +2 hand crossbow of freezing
 d - a +3 morningstar of holy wrath
Missiles
 E - 538 bolts (quivered)
Armour
 c - a +1 hat (worn)
 f - a +1 kite shield of cold resistance
 i - a +1 kite shield of protection (worn)
 m - a +2 pair of boots (worn)
 y - a +2 plate armour of fire resistance (worn)
 I - a +2 pair of gloves (worn)
 W - a scarf of resistance (worn)
Jewellery
 r - an amulet of reflection (around neck)
 s - an uncursed ring of poison resistance
 A - a +4 ring of protection
 D - an uncursed amulet of regeneration
 G - an uncursed ring of see invisible
 N - an uncursed ring of flight
 P - a +6 ring of strength (left hand)
 R - a +6 ring of strength (right hand)
Wands
 n - a wand of polymorph (23)
 w - a wand of flame (38)
 F - a wand of acid (11)
 Q - a wand of enslavement (8)
 V - a wand of iceblast (23)
Scrolls
 e - 15 scrolls of teleportation
 g - 12 scrolls of remove curse
 j - a scroll of magic mapping
 k - 2 scrolls of identify
 t - 3 scrolls of fear
 u - 5 scrolls of amnesia
 v - a scroll of silence
 H - 6 scrolls of blinking
 J - 3 scrolls of enchant weapon
 K - 3 scrolls of fog
 U - a scroll of enchant armour
Potions
 h - 2 potions of resistance
 l - a potion of heal wounds
 o - 7 potions of curing
 p - 5 potions of magic
 q - 2 potions of brilliance
 x - 2 potions of invisibility
 z - 8 potions of flight
 B - 5 potions of might
 C - 3 potions of haste
 S - 5 potions of ambrosia


   Skills:
 + Level 14.2(19.2) Fighting
 + Level 17.3(22.3) Maces & Flails
 + Level 10.2(15.2) Crossbows
 - Level 2.0(7.0) Throwing
 + Level 14.0(19.0) Armour
 - Level 17.2(22.2) Dodging
 + Level 12.6(17.6) Shields
 - Level 9.0 Invocations
 + Level 1.7 Evocations


You had 15 spell levels left.
You didn't know any spells.
Your spell library contained the following spells:

 Spells                   Type           Power        Failure   Level
 Freeze                   Ice            #...         86%         1
 Sting                    Tmut/Pois      #...         86%         1
 Poisonous Vapours        Pois/Air       #.....       95%         2
 Frozen Ramparts          Ice            #.....       99%         3
 Ignite Poison            Fire/Tmut/Pois #.......     99%         3
 Mephitic Cloud           Conj/Pois/Air  #.......     99%         3
 Ozocubu's Armour         Ice            #.......     99%         3
 Hailstorm                Conj/Ice       #.......     100%        4
 Olgreb's Toxic Radiance  Pois           #.......     100%        4
 Summon Ice Beast         Ice/Summ       #.......     100%        4


Dungeon Overview and Level Annotations

Branches:
Dungeon (14/15)            Temple (1/1) D:6            Lair (6/6) D:9
  Swamp (4/4) Lair:3       Spider (0/4) Lair:2        Slime (0/5) Lair:5
    Orc (0/2) D:11          IceCv (visited)
 Vaults: D:13-14

Altars:
Ashenzari
Cheibriados
Dithmenos
Elyvilon
Fedhas
Gozag
Hepliaklqana
Kikubaaqudgha
Makhleb
Nemelex Xobeh
Okawaru
Qazlal
Ru
Sif Muna
Trog
Uskayaw
Vehumet
Wu Jian
Xom
Yredelemnul
Zin
The Shining One
Jiyva

Shops:
D:6 !

Portals:
Trove: D:11 (give 16 scrolls of teleportation)

Annotations:
D:4 3 runed translucent doors, Deeps's ghost, amateur HOFi
Lair:4 3 runed translucent doors, Laummuim's ghost, journeyman FeFi
Swamp:1 2 transporters, Piask's ghost, adept FoAK


Innate Abilities, Weirdness & Mutations

You reflexively headbutt those who attack you in melee.
You have a pair of horns on your head.


Message History

Unknown command.
Unknown command.
You bludgeon the bunyip!!
The bunyip is moderately wounded.
A swamp drake comes into view.
Unknown command.
You bludgeon the bunyip!!
The bunyip is severely wounded.
The bunyip howls a warning cry!
The swamp dragon breathes poison at you.
The blast of poison engulfs you. You resist.
* * * LOW HITPOINT WARNING * * *
Unknown command.
Unknown command.
You enter the shallow water.
Moving in this stuff is going to be slow.
A swamp drake comes into view.
The seven-headed hydra no longer looks unusually strong.
You block the bunyip's attack. x2; The bunyip claws you!!!
You die...

≈≈...≈♣≈≈≈≈≈..(♣♣ §
≈≈..≈≈≈♣≈≈≈≈≈≈(.♣ ....k
≈≈≈≈≈≈..♣≈≈≈w.≈≈♣♣♣≈....
≈≈.≈♣♣♣.≈...≈†≈≈≈♣§≈§...
≈≈♣♣♣ ♣♣♣≈≈≈≈Fi)♣♣≈≈≈≈k§
.♣♣ ♣♣≈≈.♣D†≈≈≈≈..#≈ ≈.≈
♣♣≈.D.†§§≈≈≈≈.≈ ♣.≈≈
♣...♣k§≈§≈≈≈.≈ ≈≈≈
♣♣.♣♣x@§≈≈≈≈≈≈
♣♣♣♣♣°§○☼≈≈≈♣♣
♣.Dk☼°○○.≈≈≈♣
♣.§≈°○♣♣≈○.≈≈≈♣ ♣..°.♣♣
.♣♣≈.≈≈ ..≈≈... ♣♣ ♣≈≈≈
≈≈≈.!≈§ ≈≈≈ .≈.♣.≈≈ ≈♣
...≈≈≈≈


You could see a bunyip (strong, catching breath), 2 seven-headed hydras, a
spriggan druid (confused), a goliath frog (strong), a swamp worm and 4 swamp
drakes.

Vanquished Creatures
  2 entropy weavers (Lair:4)
  5 bunyips
  An eleionoma (Swamp:2)
  Josephine (Lair:5)
  18 hydras
  3 ice dragons
  Harold (D:8)
  2 ghost crabs
  2 boulder beetles
  2 catoblepae
  5 two-headed ogres
  5 centaur warriors (D:13)
  11 alligators
  A queen ant (Lair:4)
  9 death yaks
  2 tengu warriors (D:13)
  A spriggan berserker (Swamp:2)
  A deep elf knight (Swamp:2)
  3 unseen horrors
  3 swamp dragons
  6 spriggan druids
  4 bog bodies
  2 deep elf archers (D:13)
  Pikel (D:9)
  2 deep elf magi (D:13)
  A wolf spider zombie (D:11)
  An orc knight (D:13)
  6 will-o-the-wisps
  2 cyclopes (D:13)
  A manticore (Lair:5)
  16 ugly things
  17 elephants
  4 black mambas
  2 ice statues (IceCv)
  2 gargoyles
  A torpor snail (Lair:5)
  31 cane toads
  4 kobold demonologists
  10 komodo dragons
  A tengu conjurer (D:13)
  8 rime drakes
  A queen bee (Lair:1)
  3 polar bears
  4 trolls
  9 hornets
  33 blink frogs
  12 tyrant leeches
  3 redbacks (Lair:2)
  2 shadows
  12 wyverns
  13 spriggans
  6 wraiths
  55 yaks
  6 basilisks
  8 vampire mosquitoes
  2 wargs (D:11)
  Menkaure (D:7)
  26 soldier ants (Lair:4)
  8 swamp worms
  An acid dragon (D:12)
  14 water moccasins
  3 hell hounds (Lair:5)
  17 orc warriors
  5 swamp drakes
  3 sky beasts
  2 black bears
  5 phantoms
  15 ice beasts
  A necrophage (D:6)
  4 ogres
  19 wolves
  3 centaurs
  A lemure (D:9)
  4 big kobolds
  A gnoll sergeant (D:11)
  26 bullfrogs
  A wyvern skeleton (D:11)
  A water moccasin skeleton (D:6)
  8 scorpions
  30 killer bees
  14 wights
  An electric eel (Lair:6)
  2 howler monkeys
  2 bullfrog zombies
  A quasit (D:6)
  4 jellies
  6 centaur zombies
  6 hounds
  15 orc priests
  4 bullfrog skeletons
  16 orc wizards
  3 centaur skeletons
  3 iguanas
  Jessica (D:2)
  Natasha (thrice) (D:2)
  7 hell rats (Lair:5)
  29 worker ants
  A hound zombie (D:7)
  A worker ant zombie (D:10)
  Robin (D:2)
  10 adders
  18 gnolls
  A shadow imp (D:6)
  3 ufetubi
  6 worms
  4 dart slugs
  4 leopard geckos
  66 orcs
  3 ball pythons
  11 bats
  5 giant cockroaches
  20 goblins
  13 hobgoblins
  9 jackals
  9 quokkas
  7 frilled lizards
  4 jackal skeletons
  32 kobolds
  A leopard gecko skeleton (D:6)
  6 rats
920 creatures vanquished.

Vanquished Creatures (others)
  5 bloated husks
  A bush (Lair:6)
  25 foxfires
  64 fungi
  99 plants
  4 withered plants (D:3)
198 creatures vanquished.

Grand Total: 1118 creatures vanquished

Notes
Turn   | Place    | Note
-------+----------+-------------------------------------------
     0 | D:1      | pkoi the Minotaur Gladiator began the quest for the Orb.
     0 | D:1      | Reached XP level 1. HP: 18/18 MP: 0/0
   116 | D:1      | Reached XP level 2. HP: 19/25 MP: 1/1
   658 | D:1      | Reached skill level 5 in Maces & Flails
  1057 | D:2      | Reached XP level 3. HP: 30/30 MP: 2/2
  1155 | D:2      | Reached XP level 4. HP: 11/37 MP: 3/3
  1381 | D:2      | Noticed Robin
  1396 | D:2      | Killed Robin
  1562 | D:2      | Found a sparkling altar of Nemelex Xobeh.
  1637 | D:2      | Noticed Jessica
  1645 | D:2      | Killed Jessica
  1646 | D:2      | Reached XP level 5. HP: 38/42 MP: 4/4
  1785 | D:2      | Noticed Natasha
  1795 | D:2      | Killed Natasha
  1797 | D:2      | Noticed Natasha
  1801 | D:2      | Killed Natasha
  2435 | D:2      | Noticed Natasha
  2441 | D:2      | Killed Natasha
  2486 | D:2      | Reached XP level 6. HP: 4/50 MP: 5/5
  2486 | D:2      | HP: 1/50 [orc/+0 dagger (3)]
  2800 | D:3      | Found an ancient bone altar of Kikubaaqudgha.
  3364 | D:3      | Found a shimmering altar of Xom.
  3802 | D:3      | Noticed an angel
  3803 | D:3      | Found a glowing silver altar of Zin.
  3840 | D:4      | Found a shimmering blue altar of Sif Muna.
  4175 | D:4      | Reached XP level 7. HP: 50/56 MP: 6/6
  4235 | D:4      | Found a runed translucent gate.
  4235 | D:4      | Found a runed translucent gate.
  4235 | D:4      | Found a runed translucent gate.
  4235 | D:4      | Noticed Deeps's ghost (amateur HOFi)
  4236 | D:4      | Identified the +6 whip "Feinaiwne" {pain, rPois rC- Int+3
                  | Dex+3}
  4604 | D:5      | Entered Level 5 of the Dungeon
  4661 | D:5      | Reached skill level 10 in Maces & Flails
  4707 | D:5      | Found a blossoming altar of Fedhas.
  4792 | D:5      | Found an opulent altar of Gozag.
  5265 | D:5      | Reached XP level 8. HP: 45/62 MP: 7/7
  5775 | D:6      | Found a staircase to the Ecumenical Temple.
  6002 | Temple   | Entered the Ecumenical Temple
  6147 | Temple   | Became a worshipper of Warmaster Okawaru
  6205 | D:6      | Found a bloodstained altar of Trog.
  6571 | D:6      | Found Obroogg's Distillery.
  6583 | D:6      | Bought a potion of lignification for 39 gold pieces
  6583 | D:6      | Bought a potion of attraction for 39 gold pieces
  6604 | D:6      | Reached * piety under Okawaru
  6738 | D:6      | Reached skill level 1 in Armour
  6762 | D:6      | Reached skill level 1 in Invocations
  6866 | D:6      | Found a basalt altar of Yredelemnul.
  7097 | D:7      | Reached XP level 9. HP: 31/70 MP: 6/9
  7295 | D:7      | Reached ** piety under Okawaru
  7601 | D:7      | Identified the cursed +1 war axe "Xulod" {freeze, *Contam
                  | *Corrode +Rage rF+++}
  7719 | D:7      | Noticed a kobold demonologist
  7736 | D:7      | Killed a kobold demonologist
  8169 | D:7      | Reached skill level 5 in Dodging
  8288 | D:7      | Found a shadowy altar of Dithmenos.
  8489 | D:7      | Noticed Menkaure
  8496 | D:7      | Killed Menkaure
  8497 | D:7      | Reached skill level 5 in Fighting
  8787 | D:7      | Reached *** piety under Okawaru
  8961 | D:7      | Found a blossoming altar of Fedhas.
  9244 | D:8      | Noticed a white ugly thing
  9259 | D:8      | Killed a white ugly thing
  9260 | D:8      | Reached XP level 10. HP: 21/83 MP: 10/12
 10002 | D:8      | Reached skill level 5 in Armour
 10231 | D:8      | Noticed Harold
 10250 | D:8      | Killed Harold
 10250 | D:8      | Received a gift from Okawaru
 10250 | D:8      | Reached **** piety under Okawaru
 10573 | D:9      | Found a staircase to the Lair.
 10687 | D:9      | Noticed Pikel
 10708 | D:9      | Killed Pikel
 10709 | D:9      | Reached skill level 5 in Invocations
 11080 | D:9      | Found a glowing golden altar of the Shining One.
 11090 | D:9      | Reached ***** piety under Okawaru
 11544 | D:10     | Entered Level 10 of the Dungeon
 11866 | D:10     | Noticed a two-headed ogre
 11881 | D:10     | Killed a two-headed ogre
 11882 | D:10     | Reached XP level 11. HP: 47/92 MP: 14/14
 12273 | D:10     | Noticed an unseen horror
 12292 | D:10     | Killed an unseen horror
 12293 | D:10     | Reached skill level 1 in Shields
 12338 | D:10     | Noticed a two-headed ogre
 12344 | D:10     | Killed a two-headed ogre
 12344 | D:10     | Received a gift from Okawaru
 12712 | D:11     | Noticed an eight-headed hydra
 12755 | D:11     | Noticed a two-headed ogre
 12766 | D:11     | Killed a two-headed ogre
 12914 | D:11     | Received a gift from Okawaru
 12919 | D:11     | Got a faintly glowing troll leather armour {god gift}
 12930 | D:11     | Identified the +2 troll leather armour of Raut {Harm Regen+
                  | Int+3 Stlth-} (Okawaru gifted it to you on level 11 of the
                  | Dungeon)
 12954 | D:11     | Noticed a purple ugly thing
 12976 | D:11     | Killed a purple ugly thing
 13068 | D:11     | Found a staircase to the Orcish Mines.
 13127 | D:11     | Reached ****** piety under Okawaru
 13441 | D:11     | Noticed a six-headed hydra
 13451 | D:11     | Killed a six-headed hydra
 14016 | D:11     | Found a portal to a secret trove of treasure.
 14163 | D:11     | Killed an eight-headed hydra
 14163 | D:11     | Received a gift from Okawaru
 14164 | D:11     | Reached skill level 15 in Maces & Flails
 14164 | D:11     | Reached XP level 12. HP: 82/104 MP: 13/16
 14317 | D:11     | Identified a scroll of acquirement
 14317 | D:11     | Acquired a +1 kite shield of protection
 14525 | D:12     | Reached skill level 5 in Shields
 14669 | D:12     | Received a gift from Okawaru
 15855 | D:12     | Reached skill level 1 in Crossbows
 16289 | Lair:1   | Entered Level 1 of the Lair of Beasts
 17033 | Lair:1   | Received a gift from Okawaru
 17896 | Lair:1   | Acquired a manual of Dodging
 18184 | Lair:2   | Found a hole to the Spider Nest.
 18277 | Lair:2   | Received a gift from Okawaru
 18278 | Lair:2   | Reached skill level 10 in Fighting
 18527 | Lair:1   | Received a gift from Okawaru
 18816 | Lair:2   | Noticed an eight-headed hydra
 18818 | Lair:2   | Noticed a catoblepas
 18819 | Lair:2   | Received a gift from Okawaru
 18820 | Lair:2   | Reached XP level 13. HP: 113/113 MP: 18/18
 18845 | Lair:2   | Reached skill level 10 in Dodging
 19050 | Lair:2   | Got a translucent ring mail {god gift}
 19061 | Lair:2   | Identified the +5 ring mail of Day {Int+3} (Okawaru gifted
                  | it to you on level 2 of the Lair of Beasts)
 19224 | Lair:2   | Reached skill level 10 in Armour
 19872 | Lair:3   | HP: 4/114 [basilisk (4)]
 19874 | Lair:3   | HP: 1/114 [yak (3)]
 20476 | Lair:3   | Found a staircase to the Swamp.
 20734 | Lair:3   | Reached skill level 5 in Crossbows
 21106 | Lair:4   | Found a runed translucent gate.
 21106 | Lair:4   | Found a runed translucent gate.
 21106 | Lair:4   | Found a runed translucent gate.
 21110 | Lair:4   | Noticed Laummuim's ghost (journeyman FeFi)
 21113 | Lair:4   | Noticed a dire elephant
 21351 | Lair:4   | Received a gift from Okawaru
 21396 | Lair:4   | Noticed an entropy weaver
 21499 | Lair:4   | Killed an entropy weaver
 22040 | Lair:4   | Noticed an entropy weaver
 22058 | Lair:4   | Killed an entropy weaver
 22454 | Lair:5   | Received a gift from Okawaru
 22509 | Lair:5   | Reached XP level 14. HP: 124/124 MP: 19/19
 22509 | Lair:5   | Noticed Josephine
 22572 | Lair:5   | Killed Josephine
 22590 | Lair:5   | Received a gift from Okawaru
 22819 | Lair:5   | Received a gift from Okawaru
 23294 | Lair:5   | Received a gift from Okawaru
 23591 | Lair:5   | Found a viscous altar of Jiyva.
 23591 | Lair:5   | Found a staircase to the Slime Pits.
 23872 | Lair:6   | Entered Level 6 of the Lair of Beasts
 24068 | Lair:5   | Received a gift from Okawaru
 24363 | Lair:6   | Received a gift from Okawaru
 24382 | Lair:6   | Found a frozen archway.
 24459 | IceCv    | Entered an ice cave
 24677 | IceCv    | Reached skill level 10 in Shields
 24768 | IceCv    | Received a gift from Okawaru
 24827 | IceCv    | Received a gift from Okawaru
 24878 | IceCv    | Got a wavering marble ring
 24893 | IceCv    | Identified the cursed ring "Polonu" {AC-4 Str+6} (You found
                  | it in an ice cave)
 25375 | Lair:5   | Reached XP level 15. HP: 87/133 MP: 18/20
 27788 | D:13     | Reached skill level 15 in Dodging
 27995 | D:13     | Received a gift from Okawaru
 28281 | D:13     | Received a gift from Okawaru
 28810 | D:13     | Found an iron altar of Okawaru.
 29183 | Lair:4   | Got a polished flail
 29184 | Lair:4   | Identified the +8 flail of Ecoelaw {vorpal, rPois Str+3}
                  | (You found it on level 4 of the Lair of Beasts)
 29940 | D:14     | Received a gift from Okawaru
 30485 | Swamp:1  | Entered Level 1 of the Swamp
 30527 | Swamp:1  | Received a gift from Okawaru
 30755 | Swamp:1  | Reached XP level 16. HP: 144/144 MP: 21/21
 30892 | Lair:3   | Upgraded the game from 0.26-a0-952-g76694b35de to
                  | 0.26-a0-958-gf3041fb45f
 31261 | Swamp:1  | Noticed Piask's ghost (adept FoAK)
 31268 | Swamp:1  | Identified the cursed +1 quarterstaff "Woyreit" {distort,
                  | *Corrode Int+3 Dex+2}
 31272 | Swamp:1  | Found a transporter.
 31273 | Swamp:1  | Noticed a tentacled starspawn
 31288 | Swamp:1  | Found a transporter.
 31696 | Swamp:2  | Received a gift from Okawaru
 32128 | Swamp:2  | Reached skill level 10 in Crossbows
 32386 | Swamp:2  | Identified the +6 double sword of Qouluf {freeze, Int+6}
 34533 | Swamp:3  | Reached skill level 1 in Evocations
 34668 | Swamp:4  | Entered Level 4 of the Swamp
 34739 | Swamp:4  | Received a gift from Okawaru
 34874 | Swamp:4  | Found a basalt altar of Yredelemnul.
 34882 | Swamp:4  | Demolished by a bunyip

Illustrated notes

Levels and vault maps discovered:
D:1:      lemuel_arrival_cross, layout_loops_corners
D:2:      layout_basic, nemelex_altar_shiori, uniq_jessica, uniq_natasha,
          uniq_robin
D:3:      layout_rooms, brannock_xom_greatest_gift, zin_angel,
          kiku_gazebo_garden_becter, minmay_ruptured
D:4:      layout_basic, lemuel_crystal_altar, gammafunk_ghost_nasty_kobolds
D:5:      layout_loops_corners, overflow_temple_1_default,
          nicolae_gozag_seed_capital
D:6:      layout_cave_pools, nicolae_overflow_hidden_temple, temple_doors_cd,
          serial_shops, kennysheep_little_box, trog_book
D:7:      minmay_the_grid_octo_tiled_squarecenter
          [minmay_the_grid_octo_concentric, minmay_the_grid_octo_focus,
          minmay_the_grid_octo_chip, minmay_the_grid_octo_toaster,
          minmay_the_grid_square_5x5_megaprize_open,
          minmay_the_grid_square_5x5_doubleslash,
          minmay_the_grid_square_5x5_checkered_statues,
          minmay_the_grid_square_5x5_intrusive_squares,
          minmay_the_grid_square_5x5_beaten_path], layout_basic,
          kennysheep_mini, basic_altar, minmay_holes, uniq_menkaure
D:8:      layout_loops_cross, uniq_harold
D:9:      layout_cave_pods, lemuel_round_altar, dpeg_oklobed_lair, uniq_pikel
D:10:     layout_loops_ring
D:11:     layout_roguey, david_orc_1_choice, enter_trove_0
D:12:     layout_grid_maze
D:13:     evilmike_iron_armoury, layout_long_grid, billiards_dpeg
D:14:     minmay_blocky_corners, layout_loops_ring, david_vaults_5,
          okawaru_ov_weapons_minmay
Temple:   dshaligram_water_room_temple
Lair:1:   layout_long_grid, special_room [special_room_bee],
          infiniplex_staircase_pool
Lair:2:   layout_chaotic_city, spider_nest_entry_webs
Lair:3:   layout_long_grid, swamp_mist, chequers_serial_rivers_small_b
Lair:4:   layout_roguey, gammafunk_ghost_split, minivault_29
Lair:5:   layout_hall_layers, dpeg_slime_entry_enclosed_altar, special_room
          [special_room_mythical_zoo], grunt_megastairs_4,
          infiniplex_staircase_pool_2, uniq_josephine
Lair:6:   minmay_lair_end_frog_pond, layout_gridlike,
          portal_ice_cave_entry_animals_and_master
Swamp:1:  layout_basic_swamp, gammafunk_ghost_abyssal_escape,
          nicolae_swamp_fairy_circle, swamp_pool1
Swamp:2:  cheibrodos_swamp_heart_of_darkness, layout_basic_swamp,
          hangedman_swamp_blocks, swamp_pool3, grunt_lady_of_the_lake
Swamp:3:  layout_basic_swamp, nicolae_swamp_dense_foliage, swamp_pool5,
          nicolae_swamp_very_dense_foliage
Swamp:4:  swamp_old_school, layout_basic_swamp, swamp_pool1, grunt_ruined_hall

Skill      XL: |  1  2  3  4  5  6  7  8  9 10 11 12 13 14 15 16 |
---------------+-------------------------------------------------+-----
Maces & Flails | 4 5 6 8 9 11 13 14 15 16 17 | 17.3
Armour         | 2 4 6 8 9 10 12 13 14 | 14.0
Fighting       | 3 5 7 9 10 11 12 13 14 | 14.2
Invocations    | 1 4 5 7 8 9 |  9.0
Dodging        | 5 7 8 9 11 13 16 17 | 17.2
Shields        | 4 6 8 10 11 12 | 12.6
Crossbows      | 3 6 7 9 10 | 10.2
Evocations     | 1 |  1.7
Throwing       | |  2.0

Action                   |  1- 3 |  4- 6 |  7- 9 | 10-12 | 13-15 | 16-18 || total
-------------------------+-------+-------+-------+-------+-------+-------++-------
Melee: Flail             |    57 |   103 |       |       |   169 |   330 ||   659
       Headbutt          |     6 |    25 |    49 |   170 |   385 |    94 ||   729
       Morningstar       |       |    74 |   243 |   653 |   487 |       ||  1457
       Whip              |       |       |       |    60 |   118 |       ||   178
       Eveningstar       |       |       |       |       |   504 |       ||   504
 Fire: Hand crossbow     |       |       |       |    17 |    83 |    54 ||   154
Invok: Heroism           |       |       |     2 |     2 |    17 |     6 ||    27
       Finesse           |       |       |       |     1 |     4 |     2 ||     7
Evoke: Wand              |       |       |       |       |       |     1 ||     1
  Use: Scroll            |       |       |    12 |    14 |     6 |     4 ||    36
       Potion            |       |       |       |       |     1 |       ||     1
 Stab: Sleeping          |       |       |     1 |       |       |       ||     1
       Confused          |       |       |       |       |       |     6 ||     6
       Distracted        |       |       |       |       |       |     1 ||     1
Armor: Leather armour    |    18 |    54 |    50 |     1 |       |       ||   123
       Chain mail        |       |       |       |   267 |    26 |       ||   293
       Ring mail         |       |       |       |       |    60 |       ||    60
       Plate armour      |       |       |       |       |   264 |   111 ||   375
Dodge: Dodged            |    41 |   131 |   136 |   310 |   484 |   137 ||  1239
Block: Kite shield       |       |       |       |   235 |   863 |   311 ||  1409
       Reflection        |       |       |       |       |    37 |     7 ||    44

Table legend: (Time is in decaauts)
 A = Elapsed time spent in this place.
 B = Non-inter-level travel time spent in this place.
 C = Inter-level travel time spent in this place.
 D = Time resting spent in this place.
 E = Time spent auto-exploring this place.
 F = Levels seen in this place.
 G = Mean time per level.
                   A        B        C        D        E       F      G
               +--------+--------+--------+--------+--------+-----+--------+
         Total |  34576 |  31938 |   2638 |   8440 |  17533 |  26 | 1329.8 |
       Dungeon |  19515 |  17950 |   1565 |   4702 |  10298 |  14 | 1393.9 |
        Temple |    158 |    158 |      0 |      0 |    109 |   1 |  158.0 |
          Lair |   9871 |   9160 |    711 |   2551 |   4653 |   6 | 1645.2 |
         Swamp |   4552 |   4191 |    361 |   1145 |   2248 |   4 | 1138.0 |
      Ice Cave |    479 |    479 |      0 |     42 |    224 |   1 |  479.0 |
               +--------+--------+--------+--------+--------+-----+--------+

Top non-repeatable levels by time:
  Lair:5: 2477 daAuts
     D:7: 2299 daAuts
    D:12: 2102 daAuts
     D:2: 2098 daAuts
 Swamp:2: 1770 daAuts
  Lair:2: 1662 daAuts
 Swamp:1: 1643 daAuts
     D:9: 1552 daAuts
    D:11: 1536 daAuts
  Lair:1: 1518 daAuts
  Lair:6: 1516 daAuts
    D:10: 1490 daAuts
    D:13: 1451 daAuts
  Lair:3: 1363 daAuts
  Lair:4: 1333 daAuts
